 Dungeon Crawl Stone Soup version 0.19.0-16-g73b5abf (webtiles) character file.

127 Rrauwl the Poker (level 5, -3/41 HPs)
             Began as a Merfolk Gladiator on Nov 10, 2016.
             Was an Initiate of Dithmenos.
             Slain by Andry07's ghost (9 damage)
             ... on level 3 of the Dungeon.
             The game lasted 00:14:08 (1507 turns).

Rrauwl the Poker (Merfolk Gladiator)                Turns: 1507, Time: 00:14:09

Health: -3/41      AC:  5    Str: 17    XL:     5   Next: 11%
Magic:  5/5        EV: 14    Int:  7    God:    Dithmenos [......]
Gold:   102        SH:  0    Dex: 17    Spells: 0 memorised, 4 levels left

rFire  . . .     SeeInvis .     a - +0 trident
rCold  . . .     Gourm    .     b - +0 leather armour
rNeg   . . .     Faith    .     (no shield)
rPois  .         Spirit   .     c - +1 helmet
rElec  .         Reflect  .     (no cloak)
rCorr  .         Harm     .     (no gloves)
MR     .....                    (no boots)
Stlth  +.........               (no amulet)
                                (no ring)
                                i - +3 ring of dexterity

@: lethally poisoned (-3 -> -6)
A: change form in water, swift swim, stealthy swim
a: Renounce Religion


You were on level 3 of the Dungeon.
You worshipped Dithmenos.
Dithmenos was noncommittal.
You were not hungry.

You visited 1 branch of the dungeon, and saw 3 of its levels.

You collected 102 gold pieces.

Inventory:

Hand Weapons
 a - a +0 trident (weapon)
 l - a cursed -1 whip
Missiles
 d - 3 throwing nets (quivered)
 e - 79 stones
 j - 68 arrows
 m - 12 sling bullets
 n - 6 silver javelins
Armour
 b - a +0 leather armour (worn)
 c - a +1 helmet (worn)
Jewellery
 i - a +3 ring of dexterity (left hand)
Wands
 k - a wand of acid (6/15)
Scrolls
 o - a scroll of random uselessness
Comestibles
 f - 2 bread rations


   Skills:
 + Level 3.1 Fighting
 + Level 6.8 Polearms
 + Level 2.0 Throwing
 + Level 4.8 Dodging
 + Level 0.5 Stealth


You had 4 spell levels left.
You didn't know any spells.

Dungeon Overview and Level Annotations

Branches:
Dungeon (3/15)

Altars:
Dithmenos
Elyvilon

Annotations:
D:3 Andry07's ghost, amateur GrFi


Message History

You hit Andry07's ghost but do no damage.
Andry07's ghost is lightly damaged.
Andry07's ghost closely misses you.
You closely miss Andry07's ghost.
Andry07's ghost is lightly damaged.
You feel sick. Andry07's ghost closely misses you.
You hit Andry07's ghost.
Andry07's ghost is lightly damaged.
Andry07's ghost closely misses you.
You hit Andry07's ghost.
Andry07's ghost is moderately damaged.
You feel sick. Andry07's ghost barely misses you.
You puncture Andry07's ghost!
Andry07's ghost is heavily damaged.
Andry07's ghost hits you.
* * * LOW HITPOINT WARNING * * *
You hit Andry07's ghost but do no damage.
Andry07's ghost is heavily damaged.
You feel sick. Andry07's ghost hits you!
You die...

# #.
.####§#######
...§§§§§§...# #
#§.§@W###.##.#..
#..§§§§§.......#
#§.§§§§§........
#.§.§§§§#.......
#.#..§.§.....#..
#...###.#######
..... .)# ##<..
#### ##


You could see Andry07's ghost.

Vanquished Creatures
  5 adders
  3 worms (D:2)
  2 dart slugs (D:1)
  4 leopard geckos
  6 bats
  2 giant cockroaches (D:1)
  9 goblins
  11 hobgoblins
  A jackal (D:1)
  10 kobolds
  A quokka (D:3)
  2 frilled lizards (D:2)
  7 rats
63 creatures vanquished.

Notes
Turn   | Place    | Note
-------+----------+-------------------------------------------
     0 | D:1      | Rrauwl the Merfolk Gladiator began the quest for the Orb.
     0 | D:1      | Reached XP level 1. HP: 16/16 MP: 1/1
   100 | D:1      | You fall through a shaft!
   111 | D:2      | Reached XP level 2. HP: 20/22 MP: 2/2
   335 | D:1      | Reached skill level 5 in Polearms
   384 | D:1      | Reached XP level 3. HP: 17/28 MP: 3/3
   814 | D:2      | Reached XP level 4. HP: 27/34 MP: 4/4
   859 | D:2      | Reached skill level 6 in Polearms
   903 | D:2      | Found a white marble altar of Elyvilon.
  1242 | D:2      | Found a shadowy altar of Dithmenos.
  1250 | D:2      | Became a worshipper of Dithmenos the Shadowed
  1307 | D:2      | Reached XP level 5. HP: 31/41 MP: 5/5
  1489 | D:3      | Noticed Andry07's ghost (amateur GrFi)
  1507 | D:3      | Slain by Andry07's ghost

Skill      XL: |  1  2  3  4 |
---------------+-------------+-----
Polearms       | 5 6 |  6.8
Fighting       | 3 |  3.1
Throwing       | |  2.0
Dodging        | |  4.8
Stealth        | |  0.5

Action                   |  1- 3 |  4- 6 || total
-------------------------+-------+-------++-------
Melee: Trident           |   130 |    91 ||   221
  Use: Scroll            |     2 |     4 ||     6
       Potion            |     1 |     3 ||     4
 Stab: Sleeping          |     2 |     5 ||     7
  Eat: Chunk             |       |     2 ||     2
Armor: Leather armour    |    28 |    17 ||    45
Dodge: Dodged            |    95 |    43 ||   138
